 Dungeon Sprint DCSS version 0.30-a0-918-g0ff054e9dc (webtiles) character file.

Game seed: 9458430065774104753

296 testman the Grappler (level 6, -1/108 HPs)
             Began as a Troll Berserker on Mar 20, 2023.
             Was a Believer of Trog.
             Slain by Sonja
             ... wielding a +2 short sword of distortion
              (6 damage)
             ... in the Dungeon (Sprint I: "Red Sonja").
             The game lasted 00:01:14 (190 turns).

testman the Grappler (Troll Berserker)               Turns: 190, Time: 00:01:15

Health: -1/108     AC:  4    Str: 28    XL:     6   Next: 12%
Magic:  5/5        EV: 10    Int:  3    God:    Trog [**....]
Gold:   312        SH:  0    Dex:  9    Spells: 5/5 levels left

rFire   . . .      SeeInvis .      - Unarmed
rCold   . . .      Faith    .    (no shield)
rNeg    . . .      Spirit   .    a - +0 animal skin
rPois   .          Reflect  .    (helmet restricted)
rElec   .          Rampage  .    (no cloak)
rCorr   .          NoTele   +    (gloves unavailable)
Will    ++...                    (boots unavailable) Stlth
                                 (no amulet)
HPRegen 2.18/turn                (no ring)
MPRegen 0.09/turn                (no ring)

@: berserking, lethally poisoned (-1 -> -1), strong-willed, regenerating, slowed
A: large, unfitting armour, claws 3, regeneration 1, shaggy fur 1, tough skin 1
a: Renounce Religion, Berserk, Trog's Hand


You were in the Dungeon.
You worshipped Trog.
Trog was pleased with you.
You visited 1 branch You collected 312 gold pieces.

Inventory:

Armour
 a - a +0 animal skin (worn)
 i - a +0 cloak
Wands
 h - a wand of mindburst (17)
Scrolls
 g - a scroll of blinking
 j - a scroll of amnesia {unknown}
Potions
 b - a potion of curing
 c - a potion of heal wounds
 d - a potion of haste
 e - 2 potions of magic
 f - a potion of berserk rage


   Skills:
 + Level 8.0 Fighting
 - Level 2.4 Dodging
 + Level 9.6 Unarmed Combat


You had 5 spell levels left.
You didn't know any spells.
Your spell library was empty.

Dungeon Overview and Level Annotations

Branches:
Dungeon (1/1)

Altars:
Sif Muna
Vehumet
Wu Jian

Annotations:
D Sonja


Innate Abilities, Weirdness & Mutations

You are too large for most types of armour.
You have claws for hands.
Your natural rate of healing is unusually fast.
You are covered in fur. (AC +1)
You have tough skin. (AC +1)


Message History

There is an open door here.
j - a scroll labelled ZIPOCV CAEJAU
There is an open door here.
There is a shimmering blue altar of Sif Muna here.
Okay, then.
Your skin crawls.
You feel strong-willed.
You open the door.
Sonja, the Graceful Assassin comes into view.
She is wielding a +2 short sword of distortion and quivering curare-tipped darts.
Sonja throws a curare-tipped dart.
The curare-tipped dart hits you.
You are poisoned.
You have difficulty breathing.
You feel yourself slow down.
Found 108 gold pieces.
You fail to use your ability.
You feel very sick.
You feel very sick.
Sonja hits you with a +2 short sword of distortion.
Space warps horribly around you!
Sonja hits you with a +2 short sword of distortion.
Sonja closely misses you. Sonja barely misses you.
Sonja hits you with a +2 short sword of distortion!
Sonja closely misses you.
There is an open door, spattered with blood here.
A red film seems to cover your vision as you go berserk!
You feel yourself moving faster!
You feel mighty!
You feel very sick. Sonja hits you but does no damage. Space warps around you.
Sonja hits you with a +2 short sword of distortion!
Space warps horribly around you!
* * * LOW HITPOINT WARNING * * *
Sonja hits you with a +2 short sword of distortion.
* * * LOW HITPOINT WARNING * * *
Space warps around you.
* * * LOW HITPOINT WARNING * * *
Sonja hits you with a +2 short sword of distortion.
* * * LOW HITPOINT WARNING * * *
Space warps around you.
* * * LOW HITPOINT WARNING * * *
Sonja hits you with a +2 short sword of distortion.
You die...

#<.#..)..#..'..#
#..').#..').#..+
#..#####'#####'#
#..# #..#...#.#
#..# ####..##.#
#..# ##'#_.+
#⌠⌠# +..._# ####
#_.#'# ##@#.#
#K### $.$ #$.$#
##.## #+#


You could see Sonja.

Vanquished Creatures
  Sigmund (D)
  An ogre (D)
  A jelly (D)
  Ijyb (D)
4 creatures vanquished.

Notes
Turn   | Place    | Note
-------+----------+-------------------------------------------
     0 | D        | testman the Troll Berserker began the quest for the Orb.
     0 | D        | Reached XP level 1. HP: 22/22 MP: 0/0
     1 | D        | Noticed Ijyb
     8 | D        | Killed Ijyb
     9 | D        | Reached skill level 5 in Unarmed Combat
     9 | D        | Reached XP level 2. HP: 32/32 MP: 1/1
    46 | D        | Noticed an ogre
    52 | D        | Killed an ogre
    53 | D        | Reached skill level 5 in Fighting
    53 | D        | Reached skill level 7 in Unarmed Combat
    53 | D        | Reached XP level 3. HP: 44/44 MP: 2/2
    53 | D        | Reached XP level 4. HP: 52/52 MP: 3/3
    90 | D        | Noticed Sigmund
    94 | D        | Killed Sigmund
    94 | D        | Reached ** piety under Trog
    95 | D        | Reached skill level 9 in Unarmed Combat
    95 | D        | Reached XP level 5. HP: 63/63 MP: 4/4
    95 | D        | Reached XP level 6. HP: 72/72 MP: 5/5
   152 | D        | Found an ornate altar of the Wu Jian Council.
   152 | D        | Found a shimmering blue altar of Sif Muna.
   154 | D        | Found a radiant altar of Vehumet.
   187 | D        | Noticed Sonja
   190 | D        | HP: 5/108 [Sonja/+2 short sword of distortion (2)]
   190 | D        | Slain by Sonja

Illustrated notes

Levels and vault maps discovered:
D:        dungeon_sprint_1 [red_sonja_temple_1, red_sonja_temple_small_1]

Skill      XL: |  1  2  3  4  5  6 |
---------------+-------------------+-----
Fighting       | 4 5 7 8 |  8.0
Unarmed Combat | 5 7 9 |  9.6
Dodging        | |  2.4

Action                     |  1- 3 |  4- 6 || total
---------------------------+-------+-------++-------
  Melee: Unarmed           |    10 |     3 ||    13
         Punch             |       |     1 ||     1
 Invoke: Berserk           |     2 |     2 ||     4
         Trog's Hand       |       |     1 ||     1
 Armour: Animal skin       |       |     2 ||     2
  Dodge: Dodged            |     3 |     3 ||     6

Table legend: (Time is in decaauts)
 A = Elapsed time spent in this place.
 B = Non-inter-level travel time spent in this place.
 C = Inter-level travel time spent in this place.
 D = Time resting spent in this place.
 E = Time spent auto-exploring this place.
 F = Levels seen in this place.
 G = Mean time per level.
                   A        B        C        D        E       F      G
               +--------+--------+--------+--------+--------+-----+--------+
         Total |    219 |    219 |      0 |    133 |      0 |   1 |  219.0 |
       Dungeon |    219 |    219 |      0 |    133 |      0 |   1 |  219.0 |
               +--------+--------+--------+--------+--------+-----+--------+

Top non-repeatable levels by time:
       D: 219 daAuts
